 Dungeon Crawl Stone Soup version 0.24-a0-67-ga78bd38 (webtiles) character file.

Game seed: 15723911972526409968

91 Kairos the Sneak (level 4, 0/21 HPs)
             Began as a Vine Stalker Enchanter on Feb 5, 2019.
             Slain by an orc wizard
             ... wielding a +0 dagger
              (4 damage)
             ... on level 3 of the Dungeon.
             The game lasted 00:05:57 (2548 turns).

Kairos the Sneak (Vine Stalker Enchanter)           Turns: 2548, Time: 00:05:58

Health: 0/21       AC:  2    Str: 12    XL:     4   Next: 59%
Magic:  0/8        EV: 12    Int: 15    God:
Gold:   133        SH:  0    Dex: 14    Spells: 5/8 levels left

rFire    . . .     SeeInvis .   a - +2 whip (vamp)
rCold    . . .     Gourm    .   (no shield)
rNeg     . . .     Faith    .   b - +0 robe
rPois    .         Spirit   +   (no helmet)
rElec    .         Reflect  .   (no cloak)
rCorr    .         Harm     .   (no gloves)
MR       .....                  (no boots)
Stlth    +++.......             (no amulet)
HPRegen  0.47/turn              (no ring)
MPRegen  0.11/turn              (no ring)

@: lethally poisoned (0 -> -1)
A: fangs 2, regeneration 1, magic shield, antimagic bite, no potion heal 3, rot
immunity
a: no special abilities


You were on level 3 of the Dungeon.
You were near starving.

You visited 1 branch of the dungeon, and saw 3 of its levels.

You collected 133 gold pieces.

Inventory:

Hand Weapons
 a - a +2 vampiric whip (weapon)
 j - a +3 dagger
Armour
 b - a +0 robe (worn)
Scrolls
 c - 2 scrolls of magic mapping {unknown}
 e - 2 scrolls of remove curse {unknown}
 f - 3 scrolls of enchant armour {unknown}
 h - a scroll of identify {unknown}
Potions
 d - a potion of agility
 g - a potion of haste {unknown}
 i - a potion of curing
Comestibles
 k - 4 rations


   Skills:
 + Level 0.8 Fighting
 + Level 1.0 Short Blades
 + Level 1.4 Maces & Flails
 + Level 2.0 Dodging
 + Level 4.4 Stealth
 + Level 2.5 Spellcasting
 + Level 3.5 Hexes
 + Level 0.1 Ice Magic


You had 5 spell levels left.
You knew the following spells:

 Your Spells              Type           Power        Failure   Level  Hunger
a - Corona                Hex            ##.....      4%          1    #......
b - Ensorcelled Hibernat  Hex/Ice        #.....       16%         2    ###....

Your spell library contained the following spells:

 Spells                   Type           Power        Failure   Level  Hunger
 Confuse                  Hex            ##......     14%         3    ###....
 Tukima's Dance           Hex            ##......     14%         3    ###....
 Dazzling Spray           Conj/Hex       #.....       30%         3    ###....


Dungeon Overview and Level Annotations

Branches:
Dungeon (3/15)

Altars:
Ru
Trog


Innate Abilities, Weirdness & Mutations

You have extremely sharp teeth.
Your natural rate of healing is unusually fast.
When hurt, damage is shared between your health and your magic reserves.
Your bite disrupts and absorbs the magic of your enemies.
Potions cannot restore your health.
You are immune to rotting.


Message History

You feel sick.
You closely miss something. Something hits you. x2
You miss something. Something hits you. The gnoll barely misses you.
You miss something. The gnoll closely misses you. Something hits you.
A goblin comes into view.
You closely miss something. You bite something. You drain its magic.
You feel invigorated.
You feel sick. Something hits you. The gnoll closely misses you.
Something hits you. Something hits you.
* * * LOW HITPOINT WARNING * * *
The goblin hits you.
* * * LOW HITPOINT WARNING * * *
You feel sick. The goblin hits you.
* * * LOW HITPOINT WARNING * * *
Something hits you.
* * * LOW HITPOINT WARNING * * *
The goblin hits you.
Found a stone staircase leading up.
Something hits you.
You die...

.......<.#
###.#.#.## (##
#.......# ..##
###.#.#.#.....####
#oo....{(.........
##.#{#.#.#....[.<
#..#####........
#####(## #####.#.#
#....)#######g{@...#
#.###K..g.o.og####.#
#.######### #.# ..#
<#.# #.#.# # #.# #.#


You could see 2 gnolls, 2 orcs and a goblin.

Vanquished Creatures
  A hound zombie (D:2)
  A gnoll (D:3)
  2 adders (D:2)
  A worm (D:2)
  A dart slug (D:2)
  A leopard gecko (D:1)
  7 bats
  3 giant cockroaches (D:1)
  7 goblins
  7 hobgoblins
  7 kobolds
  4 frilled lizards (D:1)
  3 rats
45 creatures vanquished.

Notes
Turn   | Place    | Note
-------+----------+-------------------------------------------
     0 | D:1      | Kairos the Vine Stalker Enchanter began the quest for the
                  | Orb.
     0 | D:1      | Reached XP level 1. HP: 9/9 MP: 4/4
   137 | D:1      | Reached XP level 2. HP: 13/13 MP: 6/6
   216 | D:1      | Reached skill level 4 in Stealth
   492 | D:1      | Reached XP level 3. HP: 12/16 MP: 5/7
  1236 | D:2      | Learned a level 2 spell: Ensorcelled Hibernation
  1251 | D:2      | Reached skill level 1 in Short Blades
  1439 | D:2      | Gained mutation: Your natural rate of healing is unusually
                  | fast. [Vine Stalker growth]
  1439 | D:2      | Reached XP level 4. HP: 10/21 MP: 4/8
  1794 | D:2      | HP: 1/21 [adder (2)]
  1798 | D:2      | Reached skill level 1 in Maces & Flails
  2182 | D:2      | Found a bloodstained altar of Trog.
  2182 | D:2      | Found a sacrificial altar of Ru.
  2548 | D:3      | Slain by an orc wizard

Vault maps used:
D:1:      enne_arrival_octagon_isle, minmay_statues_item, serial_bayou_pond_b
D:2:      amethyst_overflow_temple_binary, first_ration
D:3:      st_stairs_8, chequers_serial_rivers_room_a

Skill      XL: |  1  2  3  4 |
---------------+-------------+-----
Stealth        | 4 |  4.4
Short Blades   | 1 |  1.0
Dodging        | 2 |  2.0
Maces & Flails | 1 |  1.4
Fighting       | |  0.8
Spellcasting   | |  2.5
Hexes          | |  3.5
Ice Magic      | |  0.1

Action                   |  1- 3 |  4- 6 || total
-------------------------+-------+-------++-------
Melee: Dagger            |    59 |       ||    59
       Bite              |    23 |    12 ||    35
       Whip              |    59 |    60 ||   119
 Cast: Corona            |    13 |     1 ||    14
       Ensorcelled Hiber |       |     5 ||     5
  Use: Potion            |     1 |     2 ||     3
 Stab: Sleeping          |     3 |     2 ||     5
  Eat: Chunk             |     2 |       ||     2
       Ration            |     1 |     1 ||     2
Armor: Robe              |    19 |     9 ||    28
Dodge: Dodged            |    66 |    53 ||   119

Table legend:
 A = Non-vault XP
 B = Vault XP
 C = Vault XP percentage of total XP
 D = Non-vault monster count
 E = Vault monster count
 F = Vault count percentage of total count
                 A         B        C        D         E       F
            +---------+---------+-------+---------+---------+-------
      Total |     125 |       6 |   4.6 |      41 |       4 |   8.9
            +---------+---------+-------+---------+---------+-------
        D:1 |      38 |       6 |  13.6 |      24 |       4 |  14.3
        D:2 |      69 |       0 |   0.0 |      14 |       0 |   0.0
        D:3 |      18 |       0 |   0.0 |       3 |       0 |   0.0
            +---------+---------+-------+---------+---------+-------
